 Dungeon Crawl Stone Soup version 0.26.1-11-gd32895ea62 (webtiles) character file.

Game seed: 2421799727359794542

53 jazenuke the Gusty (level 3, 0/28 HPs)
             Began as a Draconian Air Elementalist on July 23, 2021.
             Slain by Crazy Yiuf
             ... wielding a +3 quarterstaff of chaos
              (3 damage)
             ... on level 2 of the Dungeon.
             The game lasted 00:21:51 (2107 turns).

jazenuke the Gusty (Draconian Air Elementalist)     Turns: 2107, Time: 00:21:56

Health: 0/28       AC:  5    Str: 10    XL:     3   Next: 64%
Magic:  3/6        EV: 12    Int: 16    God:
Gold:   130        SH:  0    Dex: 11    Spells: 4/7 levels left

rFire    . . .     SeeInvis .   i - +1 dagger (holy)
rCold    . . .     Faith    .   (no shield)
rNeg     . . .     Spirit   .   (armour unavailable)
rPois    .         Reflect  .   (helmet restricted)
rElec    .         Harm     .   (no cloak)
rCorr    .         Rampage  .   (no gloves)
Will     .....                  (no boots)
Stlth    ++........             (no amulet)
HPRegen  0.09/turn              (no ring)
MPRegen  0.10/turn              (no ring)

@: lethally poisoned (0 -> -17)
A: unfitting armour, cold-blooded, AC +5
a: no special abilities


You were on level 2 of the Dungeon.
You visited 1 branch of the dungeon, and saw 2 of its levels.

You collected 130 gold pieces.

Inventory:

Hand Weapons
 i - a +1 dagger of holy wrath (weapon)
Scrolls
 a - 2 scrolls of teleportation {unknown}
 d - 3 scrolls of remove curse {unknown}
 e - 2 scrolls of enchant armour {unknown}
 f - a scroll of immolation {unknown}
Potions
 b - a potion of brilliance {unknown}
 c - a potion of resistance {unknown}
 g - 2 potions of curing {unknown}
 h - a potion of haste {unknown}


   Skills:
 - Level 1.3 Fighting
 + Level 2.2 Dodging
 + Level 1.9 Stealth
 * Level 2.5 Spellcasting
 + Level 1.4 Conjurations
 + Level 3.4 Air Magic


You had 4 spell levels left.
You knew the following spells:

 Your Spells              Type           Power        Failure   Level
a - Shock                 Conj/Air       36%          8%          1
b - Swiftness             Air            13%          8%          2

Your spell library contained the following spells:

 Spells                   Type           Power        Failure   Level
 Static Discharge         Conj/Air       9%           22%         3
 Airstrike                Air            6%           43%         4
 Lightning Bolt           Conj/Air       4%           90%         5


Dungeon Overview and Level Annotations

Branches:
Dungeon (2/15)

Altars:

Annotations:
D:2 Crazy Yiuf


Innate Abilities, Weirdness & Mutations

Your plain brown scales are hard. (AC +5)
You cannot fit into any form of body armour.
You are cold-blooded and may be slowed by cold attacks.


Message History

Crazy Yiuf is almost dead.
Crazy Yiuf hits you with a +3 quarterstaff of chaos.
You are poisoned.
You hit Crazy Yiuf but do no damage.
Crazy Yiuf is almost dead.
You feel sick.
Crazy Yiuf hits you with a +3 quarterstaff of chaos.
Crazy Yiuf burns you.
You hit Crazy Yiuf. You tail-slap Crazy Yiuf.
Crazy Yiuf is almost dead.
You feel sick.
Crazy Yiuf hits you with a +3 quarterstaff of chaos.
You are lethally poisoned!
You closely miss Crazy Yiuf.
Crazy Yiuf is almost dead.
You feel sick.
Crazy Yiuf hits you with a +3 quarterstaff of chaos.
* * * LOW HITPOINT WARNING * * *
Crazy Yiuf freezes you.
You die...

..+......>........# #.####
.##...........###....##....#
.##............# ########.#
...#'########### ##.#####
......#### #......#
......#..# ##.###.#
.....(#..# ### ♣♣##..#.#.##
###...#..# #)..#♣♣
♣♣.....#....# ###...#..#
#...g@♣♣♣♣......#.####
..'......#
#...#♣..♣......##.#
###...#### ###
♣♣♣.♣....###.# #)..#
♣♣♣♣♣### #.# ##### #.#
########## #####.#
#.#....#.# #.....#
#.#.#.##.###†###.#
#####.#.#......#.#####


You could see Crazy Yiuf.

Vanquished Creatures
  An adder (D:2)
  2 dart slugs (D:1)
  5 bats (D:1)
  3 giant cockroaches (D:1)
  3 goblins
  8 hobgoblins
  2 jackals (D:1)
  4 kobolds
  2 frilled lizards (D:1)
  7 rats
37 creatures vanquished.

Notes
Turn   | Place    | Note
-------+----------+-------------------------------------------
     0 | D:1      | jazenuke the Draconian Air Elementalist began the quest for
                  | the Orb.
     0 | D:1      | Reached XP level 1. HP: 14/14 MP: 3/3
   324 | D:1      | Reached XP level 2. HP: 22/22 MP: 1/5
   430 | D:1      | Reached skill level 1 in Fighting
   567 | D:1      | Learned a level 2 spell: Swiftness
   744 | D:1      | Reached XP level 3. HP: 11/28 MP: 2/6
  2096 | D:2      | Found a runed translucent door.
  2097 | D:2      | Noticed Crazy Yiuf
  2107 | D:2      | Slain by Crazy Yiuf

Illustrated notes

Levels and vault maps discovered:
D:1:      dpeg_arrival_solitude, layout_rooms
D:2:      layout_basic, uniq_crazy_yiuf_cottage

Skill      XL: |  1  2 |
---------------+-------+-----
Dodging        | 2 |  2.2
Fighting       | 1 |  1.3
Stealth        | |  1.9
Spellcasting   | |  2.5
Conjurations   | |  1.4
Air Magic      | |  3.4

Action                   || total
-------------------------++-------
Melee: Unarmed           ||    73
       Tailslap          ||     8
       Dagger            ||     4
       Short sword       ||     3
 Cast: Shock             ||    73
  Use: Scroll            ||     1
Armor: Skin              ||    53
Dodge: Dodged            ||   105
